 Dungeon Crawl Stone Soup version 0.32-a0-132-g2d33c3cfaf (webtiles) character file.

Game seed: 2201413722486108217

1 hipposaver the Apothecary (level 1, 0/15 HPs)
             Began as a Djinni Conjurer on Feb 10, 2024.
             Slain by a jackal (1 damage)
             ... on level 1 of the Dungeon.
             The game lasted 00:00:49 (43 turns).

hipposaver the Apothecary (Djinni Conjurer)           Turns: 43, Time: 00:00:49

Health: 0/15       AC:  2    Str:  6    XL:     1   Next: 22%
Gold:   16         EV: 12    Int: 19    God:
                   SH:  0    Dex: 11

rFire   + + .        (no weapon)
rCold   x . .        (no shield)
rNeg    . . .        a - +0 robe
rPois   ∞            (no helmet)
rElec   .            (no cloak)
rCorr   .            (no gloves)
SInv    .            (boots unavailable)
Will    .....        (no amulet)
Stlth   ++           (no ring)
HPRegen 0.22/turn    (no ring)
MPRegen 0.00/turn

%: infuse magic (-1 HP)
@: flying, very slightly contaminated
A: sickness immunity, fire resistance 2, cold vulnerability 1, float, innate
caster, HP casting, extra vitality 1
a: no special abilities


You were on level 1 of the Dungeon.
You visited 1 branch of the dungeon, and saw 1 of its levels.

You collected 16 gold pieces.

Inventory:

Armour
 a - a +0 robe (worn)


   Skills:
 + Level 2.1 Dodging
 + Level 1.5 Stealth
 + Level 3.5 Spellcasting
 + Level 3.5 Conjurations
 + Level 3.5 Hexes
 + Level 3.5 Summonings
 + Level 3.5 Necromancy
 + Level 3.5 Translocations
 + Level 3.5 Fire Magic
 + Level 3.5 Ice Magic
 + Level 3.5 Air Magic
 + Level 3.5 Earth Magic
 + Level 3.5 Alchemy


You knew the following spells:

 Your Spells              Type           Power      Damage    Failure   Level
a - Magic Dart            Conj           64%        1d6       3%          1
b - Searing Ray           Conj           32%        2d5       4%          2
c - Fulminant Prism       Conj/Alch      8%         3d7       32%         4
d - Iskenderun's Mystic   Conj/Tloc      16%        2d5       32%         4
Your spell library was empty.

Dungeon Overview and Level Annotations

Branches:
Dungeon (1/15)

Altars:


Innate Abilities, Weirdness & Mutations

You are immune to sickness and miasma.
You are immune to poison.
Your flesh is very heat resistant. (rF++)
You are vulnerable to cold. (rC-)
You float through the air rather than walking.
You learn spells naturally, not from books.
Your magical power is your life essence.
You have superior vitality. (+4 MHP)


Message History

The jackal bites you but does no damage.
Casting: Magic Dart (safe; 3% risk of failure)
Confirm with . or Enter, or press ? or * to list all spells.
Aiming: Magic Dart (safe; 3% risk of failure)
Press: ? - help, Shift-Dir - straight line
Okay, then.
Unknown command.
The jackal attacks as it pursues you! The jackal bites you.
The jackal closely misses you. The jackal barely misses you.
The jackal attacks as it pursues you! The jackal bites you.
The jackal attacks as it pursues you! The jackal bites you. x2
The jackal closely misses you. The jackal attacks as it pursues you!
The jackal closely misses you.
The jackal bites you but does no damage.
The jackal bites you. The jackal attacks as it pursues you!
The jackal bites you but does no damage.
Casting: Magic Dart (safe; 3% risk of failure)
Confirm with . or Enter, or press ? or * to list all spells.
Aiming: Magic Dart (safe; 3% risk of failure)
Press: ? - help, Shift-Dir - straight line, f - jackal
Aim: a jackal (100% to hit)
The magic dart hits the jackal.
The jackal is heavily wounded.
* * * LOW HITPOINT WARNING * * *
The jackal bites you.
* * * LOW HITPOINT WARNING * * *
The jackal misses you.
Casting: Magic Dart (safe; 3% risk of failure)
Confirm with . or Enter, or press ? or * to list all spells.
You don't have enough health to cast this spell.
Unknown command.
Casting: Magic Dart (safe; 3% risk of failure)
Confirm with . or Enter, or press ? or * to list all spells.
You don't have enough health to cast this spell.
You hit the jackal.
The jackal is almost dead.
The jackal completely misses you. The jackal barely misses you.
The jackal bites you.
You die...

.. ##.# #...
###...###
.#....(..##########
............hh@...#
#..........Jh#.......
#...†......#######+#
##.........#
#.###......#
#.####......+
............######
#####...#.###~~~~
#....#.....#~#~### #


You could see an endoplasm and 3 jackals.

Vanquished Creatures
  A jackal (D:1)
1 creature vanquished.

Notes
Turn   | Place    | Note
-------+----------+-------------------------------------------
     0 | D:1      | hipposaver the Djinni Conjurer began the quest for the Orb.
     0 | D:1      | hipposaver set off with the following spells memorised:
                  | Magic Dart, Searing Ray, Fulminant Prism, Iskenderun's
                  | Mystic Blast.
     0 | D:1      | Reached XP level 1. HP: 15/15 MP: 0/0
    43 | D:1      | Slain by a jackal

Illustrated notes

Levels and vault maps discovered:
D:1:      ncdulo_wetmaze, layout_loops_ring

Action                     || total
---------------------------++-------
  Melee: Unarmed           ||     1
   Cast: Magic Dart        ||     5
 Armour: Robe              ||    11
  Dodge: Dodged            ||    11

Table legend: (Time is in decaauts)
 A = Elapsed time spent in this place.
 B = Non-inter-level travel time spent in this place.
 C = Inter-level travel time spent in this place.
 D = Time resting spent in this place.
 E = Time spent auto-exploring this place.
 F = Levels seen in this place.
 G = Mean time per level.
                   A        B        C        D        E       F      G
               +--------+--------+--------+--------+--------+-----+--------+
         Total |     43 |     43 |      0 |      0 |     22 |   1 |   43.0 |
       Dungeon |     43 |     43 |      0 |      0 |     22 |   1 |   43.0 |
               +--------+--------+--------+--------+--------+-----+--------+

Top non-repeatable levels by time:
     D:1: 43 daAuts
